[Event "Chinese League Division-A 2024"]
[Site "Fuling Chongqing"]
[Date "2024.06.29"]
[Round "4.7"]
[White "Liu, Yan"]
[Black "Xu, Jun"]
[Result "1/2-1/2"]
[ECO "A31"]
[WhiteElo "2573"]
[BlackElo "2471"]
[Annotator "TA"]
[PlyCount "219"]
[EventDate "2024.06.28"]
[EventType "team-tourn"]
[EventCountry "CHN"]
[SourceTitle "playchess.com"]
[Source "ChessBase"]
[SourceQuality "1"]
[TimeControl "40/5400+30:1800+30"]

1. Nf3 c5 2. c4 Nf6 3. Nc3 Nc6 4. g3 g6 5. Bg2 d6 6. d4 cxd4 7. Nxd4 Bd7 8. O-O Bg7 9. e3 O-O 10. b3 Qc8 11. Bb2 Bh3 12. Nde2 Bxg2 13. Kxg2 b6 14. f3 Qb7 15. Nf4 a6 16. Qe2 Rab8 17. Ncd5 Nxd5 18. cxd5 Ne5 19. e4 Rbc8 20. Rac1 Rxc1 21. Rxc1 Rc8 {[%emt 0:00:06] Dodges Qc2} 22. Rc2 a5 23. Qd1 Qa6 24. Bxe5 Rxc2+ 25. Qxc2 Bxe5 $11 {[%emt 0:00:02][%mdl 4096] Endgame. KQB-KQN} 26. Nd3 Bd4 27. a4 Bc5 28. Nb2 Bd4 29. Qc4 Qxc4 30. Nxc4 {[%emt 0:00:02] KB-KN} f5 (30... g5 $11) 31. exf5 $16 gxf5 32. Na3 Kf7 33. Nb5 Bc5 34. Nc7 Kf6 35. f4 h5 36. Ne6 Be3 37. Kf3 Bc5 38. Ke2 Bg1 39. h3 Kf7 40. Kf3 Kf6 41. g4 fxg4+ 42. hxg4 hxg4+ 43. Kxg4 Kg6 44. Ng5 Bd4 45. Ne4 Bg1 46. f5+ Kf7 47. Kf3 {[%emt 0:04:24] Black should prevent Ke2.} Ke8 48. Ke2 {[%emt 0:01:15] White wants to play Kd3.} Kd7 49. Kd3 {[%emt 0:00:06] Threatening Kc4.} Kc7 50. Kc4 Bh2 $1 51. Ng5 Be5 52. Ne6+ Kb7 $1 53. Kb5 Bf6 $1 54. Nf4 Be5 55. Ne2 Bf6 56. Ng3 Bg7 57. Ne4 Be5 58. Nd2 Bd4 59. Kc4 Bf6 60. Nb1 Bb2 61. Kd3 Kc7 62. Nd2 Bf6 63. Nc4 Bg7 64. Ke4 Bf6 65. Kf3 Bd4 66. Kg4 Kd7 67. Kh5 Ke8 68. Kg6 Kf8 $1 69. Nd2 Ke8 70. Ne4 Be5 71. Nd2 Bc3 72. Nc4 Bd4 {[%emt 0:00:18] [#]} 73. f6 $1 Bxf6 74. Nxb6 Bd4 75. Nc4 Bc3 76. Ne3 Bd4 77. Nc2 Bc5 78. Kf5 Kd7 79. Ne1 Bd4 80. Nf3 Bf6 81. Kg6 Ke8 82. Nd2 Bd4 83. Nc4 Bc3 84. Na3 Bb4 85. Nb5 Kf8 86. Nc7 Kg8 $2 (86... Be1 $1 $11) 87. Ne6 $18 Bd2 88. Nd8 Kf8 89. Kf5 $1 {[%emt 0:00:10] Threatens to win with Ke6.} Ke8 90. Ne6 $1 Kf7 91. Nd4 $2 (91. Ke4 $1 $18) 91... Bc3 $11 92. Nf3 Bf6 93. Nd2 Bd4 94. Nc4 Bc3 95. Nb6 Bd4 96. Na8 (96. Nc4 $5 Bc3 $8 97. Ne3 $11) 96... Bc3 97. Nc7 {[%emt 0:00:08] Hoping for Ne6.} Be1 98. Ne6 $2 (98. Ke4 $11) 98... Bd2 $1 $18 99. Ke4 $1 Kf6 100. Kd3 Be1 101. Nd4 $2 (101. Kc4 $18) 101... Bf2 $2 (101... e5 $1 $11 {and Black has nothing to worry.} 102. Nc2 (102. dxe6 d5 $11) 102... Bf2) 102. Nc6 Be1 103. Nd4 $2 (103. Kc4 $18) 103... Bf2 $11 104. Ne6 {[%emt 0:00:16] Black must now prevent Kc4.} Ke5 105. Kc4 Bb6 $1 {[%emt 0:01:12] Wards off Nd8} 106. Nf8 {[%emt 0:00:10] aiming for Nd7+.} Bf2 {[%emt 0:01:26] [#]} (106... Ba7 $11 {keeps the balance.}) 107. Ng6+ (107. Nd7+ $1 $16 Kf5 108. Nb8) 107... Kf6 108. Nf4 {[%emt 0:00:03] Ne6 is the strong threat.} Be3 {[%emt 0:00:35] [#]} (108... Bb6 $16 {was necessary.}) 109. Nd3 $2 (109. Ne6 $1 $18) 109... e5 {[%emt 0:00:45] And now ...e4 would win.} 110. dxe6 {[%emt 0:01:20] Blacks defense is rewarded with a draw.   Weighted Error Value: White=0.04 (flawless) /Black=0.03 (flawless) .  Loses game:     	---       	Black=2      Missed win:     	White=4     	---        Mistake:       	White=2     	Black=3      Inaccurate:     	White=2     	Black=1      OK:         	White=46    	Black=40     Best:        	White=3     	Black=7      Strong:       	White=3     	Black=6} 1/2-1/2

[Event "Chinese League Division-A 2024"]
[Site "Fuling Chongqing"]
[Date "2024.06.29"]
[Round "4.8"]
[White "Lin, Chen"]
[Black "Wang, Chen"]
[Result "1/2-1/2"]
[ECO "C49"]
[WhiteElo "2484"]
[BlackElo "2490"]
[Annotator "TA"]
[PlyCount "62"]
[EventDate "2024.06.28"]
[EventType "team-tourn"]
[EventCountry "CHN"]
[SourceTitle "playchess.com"]
[Source "ChessBase"]
[SourceQuality "1"]
[TimeControl "40/5400+30:1800+30"]

1. e4 e5 2. Nf3 Nc6 3. Nc3 Nf6 4. Bb5 Bb4 5. O-O O-O 6. Bxc6 dxc6 7. Nxe5 Re8 8. Nd3 Bxc3 9. dxc3 Nxe4 {[%emt 0:01:12] The position is equal.} 10. Bf4 Bf5 11. Re1 h6 12. Qf3 Bg6 13. Ne5 {[%emt 0:03:14][%cal Oe5g6] [#] aiming for Nxg6!} Nd6 14. Nxg6 fxg6 15. Bxd6 cxd6 16. g3 Qf6 17. Qxf6 gxf6 $11 {[%emt 0:00:09][%mdl 4096] Endgame. KRR-KRR} 18. c4 Kf7 19. Kf1 Rxe1+ 20. Rxe1 Re8 21. Rxe8 Kxe8 {[%emt 0:00:10] KP-KP} 22. Ke2 Ke7 23. f4 f5 24. h4 h5 25. a4 a5 26. b3 c5 27. Ke3 Ke6 28. Kd3 Kd7 29. Ke3 Ke6 30. Kd3 Kd7 31. Ke3 Ke6 {[%emt 0:00:26] An uneventful encounter.   Weighted Error Value: White=0.01 (flawless) /Black=0.00 (flawless) .  OK:         	White=8     	Black=5} 1/2-1/2

[Event "Chinese League Division-A 2024"]
[Site "Fuling Chongqing"]
[Date "2024.06.29"]
[Round "4.9"]
[White "Lei, Tingjie"]
[Black "Guo, Qi"]
[Result "1/2-1/2"]
[ECO "D35"]
[WhiteElo "2548"]
[BlackElo "2362"]
[Annotator "TA"]
[PlyCount "70"]
[EventDate "2024.06.28"]
[EventType "team-tourn"]
[EventCountry "CHN"]
[SourceTitle "playchess.com"]
[Source "ChessBase"]
[SourceQuality "1"]
[TimeControl "40/5400+30:1800+30"]

1. c4 e6 2. Nc3 d5 3. d4 Nf6 4. cxd5 exd5 5. Bg5 c6 6. e3 Bf5 7. Qf3 Bg6 8. Bxf6 Qxf6 9. Qxf6 gxf6 10. h4 h5 11. Nh3 Bd6 12. Kd2 a5 13. Bd3 Nd7 14. Rab1 Rg8 15. g3 Bxd3 16. Kxd3 f5 17. Rhc1 Ke7 18. Ke2 Nf6 19. Ng5 Ne4 20. Nf3 a4 21. Rc2 Ra6 22. Kf1 Rga8 23. Ne2 Rb6 24. Ne1 Bb4 25. Nf3 {[%emt 0:08:24] Prevents Nd2+.} (25. Rd1 $14) 25... Ra5 (25... Bd6 $11) 26. Nf4 Nf6 27. Nd3 {[%emt 0:02:58] A dynamic duo of knights.} Bd6 28. Re1 Ne4 29. Kg2 Ra8 30. Kf1 Ra5 $1 31. Kg2 Ra8 $1 32. Nfe5 Nf6 33. Ree2 Rb5 34. Re1 Rb6 $1 35. Ree2 Rb5 {[%emt 0:00:06] Weighted Error Value: White=0.12 (very precise) /Black=0.05 (flawless) .  Mistake:       	White=1     	Black=1      Inaccurate:     	White=1     	Black=1      OK:         	White=8     	Black=6      Best:        	---       	Black=1      Strong:       	---       	Black=3} 1/2-1/2

[Event "Chinese League Division-A 2024"]
[Site "Fuling Chongqing"]
[Date "2024.06.29"]
[Round "4.10"]
[White "Gao, Muziyan"]
[Black "Wang, Chuqiao"]
[Result "1-0"]
[ECO "A11"]
[WhiteElo "1943"]
[BlackElo "2278"]
[Annotator "RC"]
[PlyCount "43"]
[EventDate "2024.06.28"]
[EventType "team-tourn"]
[EventCountry "CHN"]
[SourceTitle "playchess.com"]
[Source "ChessBase"]
[SourceQuality "1"]
[TimeControl "40/5400+30:1800+30"]

1. Nf3 d5 2. g3 c6 3. Bg2 Bg4 4. c4 Nf6 5. Ne5 Bf5 6. cxd5 cxd5 7. Nc3 e6 8. g4 Bg6 9. h4 Bd6 10. d4 h6 11. Nxg6 fxg6 12. Qd3 Kf7 13. h5 g5 14. O-O Rf8 15. e4 dxe4 16. Nxe4 Nxe4 17. Qxe4 Nc6 18. d5 Ne5 19. f4 Bc5+ 20. Be3 Qxd5 21. fxe5+ Kg8 22. Bxc5 1-0

[Event "Chinese League Division-A 2024"]
[Site "Fuling Chongqing"]
[Date "2024.06.29"]
[Round "4.11"]
[White "Jiang, Haochen"]
[Black "Chen, Yuan"]
[Result "1/2-1/2"]
[ECO "D11"]
[WhiteElo "2290"]
[BlackElo "2294"]
[Annotator "RC"]
[PlyCount "111"]
[EventDate "2024.06.28"]
[EventType "team-tourn"]
[EventCountry "CHN"]
[SourceTitle "playchess.com"]
[Source "ChessBase"]
[SourceQuality "1"]
[TimeControl "40/5400+30:1800+30"]

1. Nf3 Nf6 2. g3 d5 3. Bg2 Bf5 4. c4 c6 5. Qb3 Qb6 6. O-O e6 7. Nc3 Nbd7 8. d4 Be7 9. c5 Qxb3 10. axb3 O-O 11. b4 Ne4 12. Bf4 g5 13. Nxe4 gxf4 14. Nc3 fxg3 15. hxg3 a6 16. Nd2 e5 17. e4 Bxe4 18. Bxe4 dxe4 19. d5 f5 20. Nc4 Kf7 21. Rfd1 Rfd8 22. Na5 cxd5 23. Nxd5 Nf6 24. Nxf6 Rxd1+ 25. Rxd1 Kxf6 26. Rd7 Rd8 27. Rxb7 Rd1+ 28. Kg2 f4 29. gxf4 exf4 30. Nc4 Ke6 31. b3 h5 32. Rb6+ Kf5 33. Rh6 h4 34. c6 Bd8 35. Rd6 f3+ 36. Kh2 Bc7 37. Ne3+ Kg5 38. Nxd1 Bxd6+ 39. Kh3 Kf5 40. Kxh4 Bf4 41. Ne3+ Ke6 42. Nf1 Kd6 43. Kg4 Bc1 44. Ng3 e3 45. fxe3 Bxe3 46. Kxf3 Bb6 47. Nf5+ Kxc6 48. Ne7+ Kb5 49. Nd5 Bd8 50. Ke4 Be7 51. Kd3 Bxb4 52. Nc7+ Kb6 53. Nd5+ Kb5 54. Nc7+ Kb6 55. Nd5+ Kb5 56. Nc7+ 1/2-1/2

[Event "Chinese League Division-A 2024"]
[Site "Fuling Chongqing"]
[Date "2024.06.29"]
[Round "4.12"]
[White "Xu, Minghui"]
[Black "Wang, Zihang"]
[Result "1-0"]
[ECO "A13"]
[WhiteElo "2388"]
[BlackElo "2028"]
[Annotator "RC"]
[PlyCount "129"]
[EventDate "2024.06.28"]
[EventType "team-tourn"]
[EventCountry "CHN"]
[SourceTitle "playchess.com"]
[Source "ChessBase"]
[SourceQuality "1"]
[TimeControl "40/5400+30:1800+30"]

1. Nf3 d5 2. c4 e6 3. g3 Nf6 4. Bg2 dxc4 5. Qa4+ Nbd7 6. Qxc4 a6 7. Qc2 c5 8. O-O Qc7 9. d4 b6 10. Bf4 Bd6 11. Ne5 Nd5 12. Nxd7 Bxd7 13. Bxd6 Qxd6 14. dxc5 bxc5 15. Nc3 Nb4 16. Rad1 Qc7 17. Qc1 Rc8 18. Qg5 O-O 19. a3 Nc6 20. Ne4 f6 21. Qxc5 Ne5 22. b4 Bc6 23. Rc1 Qb8 24. Qe3 Bd5 25. Nc5 Bxg2 26. Kxg2 Rfe8 27. Qe4 Qb6 28. Rfd1 Qc6 29. Qxc6 Rxc6 30. f4 Ng4 31. Rd7 e5 32. h3 Nh6 33. Kf2 exf4 34. gxf4 Ra8 35. Rg1 g6 36. Rgd1 a5 37. Rb7 axb4 38. axb4 Rf8 39. Rdd7 Rf7 40. Ke3 Rxd7 41. Rxd7 Nf5+ 42. Kd3 Nd6 43. Kd4 Rb6 44. Kd5 Nb5 45. e4 h5 46. h4 g5 47. fxg5 fxg5 48. hxg5 h4 49. Ke5 h3 50. Rd3 Nd6 51. Rxh3 Nf7+ 52. Kf4 Rxb4 53. Rb3 Rc4 54. Rb8+ Kh7 55. Nd7 Nd6 56. Nf6+ Kg6 57. Rg8+ Kf7 58. Ke5 Rxe4+ 59. Kxd6 Re6+ 60. Kd5 Ra6 61. Rc8 Kg6 62. Ne4 Kf5 63. Rf8+ Kg4 64. Ke5 Rb6 65. Rf4+ 1-0

[Event "Chinese League Division-A 2024"]
[Site "Fuling Chongqing"]
[Date "2024.06.29"]
[Round "4.13"]
[White "Shen, Fuyan"]
[Black "Chen, Zhi"]
[Result "0-1"]
[ECO "A21"]
[WhiteElo "1830"]
[BlackElo "2164"]
[Annotator "RC"]
[PlyCount "157"]
[EventDate "2024.06.28"]
[EventType "team-tourn"]
[EventCountry "CHN"]
[SourceTitle "playchess.com"]
[Source "ChessBase"]
[SourceQuality "1"]
[TimeControl "40/5400+30:1800+30"]

1. c4 e5 2. Nc3 Bb4 3. Nd5 a5 4. Nf3 d6 5. a3 Bc5 6. e3 c6 7. d4 Ba7 8. Nc3 Nd7 9. dxe5 Nxe5 10. Nxe5 dxe5 11. Qxd8+ Kxd8 12. Ne4 Ke7 13. Bd2 f5 14. Ng3 Nf6 15. Bd3 e4 16. Be2 Be6 17. Bc3 Bc5 18. O-O-O a4 19. h4 Rhd8 20. h5 Kf7 21. Be5 Nd7 22. Bc7 Rdc8 23. Bd6 Bxd6 24. Rxd6 Ke7 25. Rd4 Nc5 26. Kc2 Nb3 27. Rdd1 Ra5 28. f3 exf3 29. gxf3 Re5 30. Bd3 Rd8 31. Kb1 Rxe3 32. Nxf5+ Bxf5 33. Bxf5 Nd2+ 34. Kc1 Nb3+ 35. Kb1 Nd2+ 36. Kc1 Nxc4 37. Rxd8 Kxd8 38. Rd1+ Ke8 39. Bxh7 Rxf3 40. Re1+ Re3 41. Rg1 Kf8 42. Rf1+ Ke7 43. Rg1 Kf6 44. Rf1+ Kg5 45. Rf7 Kh6 46. Bg6 b5 47. Rc7 Ne5 48. Bf5 Re2 49. Kb1 Rf2 50. Be4 Rf4 51. Bc2 Rf1+ 52. Ka2 Rh1 53. Bg6 Nxg6 54. hxg6 Rc1 55. Rd7 Kxg6 56. Rd2 Rc4 57. Rg2+ Kf6 58. Rf2+ Ke7 59. Rg2 Kf7 60. Rf2+ Kg8 61. Rg2 Rc5 62. b3 axb3+ 63. Kxb3 g5 64. a4 bxa4+ 65. Kxa4 Kg7 66. Kb4 Rd5 67. Rc2 Kg6 68. Rxc6+ Kh5 69. Rc8 Kh4 70. Kc4 Rd7 71. Rg8 g4 72. Kc3 Kh3 73. Rh8+ Kg2 74. Rg8 g3 75. Kc2 Kf2 76. Rf8+ Kg1 77. Rg8 g2 78. Kc3 Rh7 79. Kd4 0-1

[Event "Chinese League Division-A 2024"]
[Site "Fuling Chongqing"]
[Date "2024.06.29"]
[Round "4.14"]
[White "Ding, Yixin"]
[Black "Zhao, Yunqing"]
[Result "1/2-1/2"]
[ECO "B47"]
[WhiteElo "2397"]
[BlackElo "1986"]
[Annotator "RC"]
[PlyCount "83"]
[EventDate "2024.06.28"]
[EventType "team-tourn"]
[EventCountry "CHN"]
[SourceTitle "playchess.com"]
[Source "ChessBase"]
[SourceQuality "1"]
[TimeControl "40/5400+30:1800+30"]

1. e4 c5 2. Nf3 e6 3. d4 cxd4 4. Nxd4 Nc6 5. Nc3 Qc7 6. g3 a6 7. Bg2 Nf6 8. O-O Nxd4 9. Qxd4 Bc5 10. Bf4 d6 11. Qd2 h6 12. Rad1 e5 13. Be3 Bb4 14. a3 Bxc3 15. Qxc3 Qxc3 16. bxc3 Be6 17. Rxd6 Rc8 18. Bd2 Nd7 19. Rb1 Ke7 20. Rd3 Nc5 21. Re3 Rhd8 22. Be1 b5 23. f4 f6 24. fxe5 fxe5 25. c4 Bxc4 26. Bc3 Nd7 27. Rd1 Nf6 28. Ree1 Rxd1 29. Rxd1 Be2 30. Bb4+ Kf7 31. Rd2 Bg4 32. h3 Be6 33. c3 Bd7 34. Kf2 Bc6 35. Ke3 Bb7 36. Bf3 Rc7 37. Rd8 Rc8 38. Rd6 Rc6 39. Rd8 Rc8 40. Rd6 Rc6 41. Rd8 Rc8 42. Rd6 1/2-1/2

[Event "Chinese League Division-A 2024"]
[Site "Fuling Chongqing"]
[Date "2024.06.29"]
[Round "4.15"]
[White "Du, Yuxin"]
[Black "Bai, Xue"]
[Result "1-0"]
[ECO "B53"]
[WhiteElo "1960"]
[BlackElo "2114"]
[Annotator "RC"]
[PlyCount "75"]
[EventDate "2024.06.28"]
[EventType "team-tourn"]
[EventCountry "CHN"]
[SourceTitle "playchess.com"]
[Source "ChessBase"]
[SourceQuality "1"]
[TimeControl "40/5400+30:1800+30"]

1. e4 c5 2. Nf3 d6 3. d4 cxd4 4. Qd2 d3 5. Qxd3 Nc6 6. Qe3 Nf6 7. Be2 g6 8. O-O Bg7 9. h3 O-O 10. Rd1 Qc7 11. Nc3 a6 12. Bd2 e6 13. Qf4 Ne5 14. Nxe5 dxe5 15. Qh4 Nd7 16. Be3 b5 17. Qe7 Qb7 18. Rd2 Bf6 19. Qd6 Re8 20. Rad1 Be7 21. Qd3 Nc5 22. Bxc5 Bxc5 23. Bf1 Qe7 24. Qf3 Rb8 25. a3 Bd4 26. b4 Bb7 27. Ne2 f5 28. Nxd4 Bxe4 29. Qb3 exd4 30. Rxd4 Rb7 31. c4 Kg7 32. cxb5 axb5 33. Bxb5 Qg5 34. Rxe4 Rxb5 35. Rxe6 Rxe6 36. Qxe6 Kh6 37. Qc4 f4 38. a4 1-0

[Event "Chinese League Division-A 2024"]
[Site "Fuling Chongqing"]
[Date "2024.06.29"]
[Round "4.16"]
[White "Wang, Yue"]
[Black "Wang, Hao"]
[Result "1/2-1/2"]
[ECO "C42"]
[WhiteElo "2652"]
[BlackElo "2702"]
[Annotator "TA"]
[PlyCount "61"]
[EventDate "2024.06.28"]
[EventType "team-tourn"]
[EventCountry "CHN"]
[SourceTitle "playchess.com"]
[Source "ChessBase"]
[SourceQuality "1"]
[TimeControl "40/5400+30:1800+30"]

1. e4 e5 2. Nf3 Nf6 3. Nxe5 d6 4. Nf3 Nxe4 5. Nc3 Nxc3 6. dxc3 Be7 7. Be3 O-O 8. Qd2 Nd7 9. Bd3 Nf6 10. O-O-O c5 11. Rhe1 Be6 12. Kb1 Qa5 13. c4 Qxd2 14. Bxd2 h6 {[%emt 0:01:08] Wards off Ng5. The position is equal.} 15. Nh4 Ng4 {[%emt 0:00:16][%csl LRf2,LRh2,LRh4] [#]} 16. Ng6 Rfe8 (16... fxg6 17. Rxe6) 17. Nxe7+ Rxe7 18. Re2 Ne5 19. Bf4 Nxd3 20. Rxd3 (20. Bxd6 $2 {is the wrong capture.} Rd7 21. Bg3 (21. Rxd3 $2 {perishes.} Bxc4 22. Re7 Rxe7 $19) 21... Nb4 22. Rxd7 Bxd7 $19) 20... Rd7 $1 21. Red2 (21. Bxd6 $2 {too greedy.} Bxc4 22. Re7 Rxe7 23. Bxe7 Bxd3 24. cxd3 b6 $19) 21... Bxc4 22. Rxd6 Rxd6 23. Rxd6 $11 {[%emt 0:00:13][%mdl 4096] Endgame. KRB-KRB} Be6 24. b3 Kf8 25. c4 Ke7 26. Rd2 b6 27. Kb2 Rd8 28. Rxd8 Kxd8 29. Kc3 Bf5 30. h4 Bb1 31. a4 {[%emt 0:00:16] Weighted Error Value: White=0.03 (flawless) /Black=0.03 (flawless) .  Inaccurate:     	---       	Black=1      OK:         	White=10    	Black=9      Best:        	---       	Black=1      Strong:       	---       	Black=1} 1/2-1/2

[Event "Chinese League Division-A 2024"]
[Site "Fuling Chongqing"]
[Date "2024.06.29"]
[Round "4.17"]
[White "Zhao, Jun"]
[Black "Dai, Changren"]
[Result "1/2-1/2"]
[ECO "C47"]
[WhiteElo "2538"]
[BlackElo "2502"]
[Annotator "TA"]
[PlyCount "53"]
[EventDate "2024.06.28"]
[EventType "team-tourn"]
[EventCountry "CHN"]
[SourceTitle "playchess.com"]
[Source "ChessBase"]
[SourceQuality "1"]
[TimeControl "40/5400+30:1800+30"]

1. e4 e5 2. Nf3 Nc6 3. Nc3 Nf6 4. d4 exd4 5. Nxd4 Bb4 6. Nxc6 bxc6 7. Bd3 d5 8. exd5 O-O 9. O-O cxd5 10. h3 {[%emt 0:00:10] Dodges Bg4} Rb8 11. Be3 c5 ({Don't play} 11... d4 $6 12. Bxd4 Kh8 13. Be2 $16 (13. Bxa7 Ra8 $18)) 12. a3 Bxc3 13. bxc3 Qa5 14. Bf4 Rb7 15. Be5 {[%emt 0:01:34] Threatening Bxf6. A strong pair of Bishops.} c4 16. Bxf6 cxd3 (16... gxf6 $5 17. Be2 Bf5 $11) 17. Bd4 dxc2 18. Qxc2 Qa6 19. Qd2 (19. Rfb1 {seems wilder.} Rc7 20. Rb8 Re8 21. Qd2) 19... Qg6 20. Kh1 Bf5 21. Rfe1 h5 22. Qf4 Be4 23. Rg1 Qf5 24. Qg3 Qg6 25. Qf4 Qf5 26. Qg3 Qg6 27. Qf4 {[%emt 0:00:24] Not much happened in this game.   Weighted Error Value: White=0.10 (very precise) /Black=0.06 (flawless) .  Inaccurate:     	White=1     	Black=1      OK:         	White=4     	Black=8} 1/2-1/2

[Event "Chinese League Division-A 2024"]
[Site "Fuling Chongqing"]
[Date "2024.06.29"]
[Round "4.18"]
[White "Wang, Shixu B"]
[Black "Pang, Tao"]
[Result "1/2-1/2"]
[ECO "D61"]
[WhiteElo "2422"]
[BlackElo "2495"]
[Annotator "TA"]
[PlyCount "48"]
[EventDate "2024.06.28"]
[EventType "team-tourn"]
[EventCountry "CHN"]
[SourceTitle "playchess.com"]
[Source "ChessBase"]
[SourceQuality "1"]
[TimeControl "40/5400+30:1800+30"]

1. d4 d5 2. c4 e6 3. Nc3 Be7 4. Nf3 Nf6 5. Bg5 O-O 6. e3 h6 7. Bh4 Nbd7 8. Qc2 c5 9. dxc5 Nxc5 10. cxd5 Nxd5 {[%emt 0:07:22] [#] And now ...Nb4 would win.} 11. Bxe7 {[%emt 0:07:19] White has an edge.} Nxe7 12. Be2 Qb6 13. O-O Bd7 14. Ne5 Qc7 15. f4 Nc6 ({Black should play} 15... Rac8 $11) 16. Nxc6 (16. Nb5 {keeps more tension.} Qb6 17. Nd6 Nxe5 18. fxe5 Na6 19. Qd2) 16... Bxc6 17. b4 Nd7 18. b5 Bd5 19. Rac1 {[%emt 0:06:20] [#] Nxd5 would now be deadly.} Qb6 20. Qd2 Nf6 21. Na4 Qd6 22. Nc3 Qb6 23. Na4 Qd6 24. Nc3 $1 Qb6 {[%emt 0:00:51] Weighted Error Value: White=0.08 (flawless) /Black=0.11 (very precise) .  Mistake:       	---       	Black=1      Inaccurate:     	White=3     	Black=1      OK:         	White=8     	Black=5      Strong:       	White=1     	---} 1/2-1/2

[Event "Chinese League Division-A 2024"]
[Site "Fuling Chongqing"]
[Date "2024.06.29"]
[Round "4.19"]
[White "Song, Yuxin"]
[Black "Xiao, Yiyi"]
[Result "1/2-1/2"]
[ECO "B12"]
[WhiteElo "2383"]
[BlackElo "2338"]
[Annotator "RC"]
[PlyCount "66"]
[EventDate "2024.06.28"]
[EventType "team-tourn"]
[EventCountry "CHN"]
[SourceTitle "playchess.com"]
[Source "ChessBase"]
[SourceQuality "1"]
[TimeControl "40/5400+30:1800+30"]

1. e4 c6 2. d4 d5 3. e5 Bf5 4. Nc3 e6 5. g4 Bg6 6. Nge2 c5 7. h4 h5 8. Nf4 Bh7 9. Nxh5 Nc6 10. dxc5 Bxc5 11. Bg5 Qb6 12. Qd2 Qxb2 13. Rb1 Qxc2 14. Qxc2 Bxc2 15. Rc1 d4 16. Nd5 exd5 17. Rxc2 Bb4+ 18. Kd1 Nxe5 19. Nxg7+ Kf8 20. Nf5 d3 21. Rb2 Bc3 22. Rxb7 Nxg4 23. Bxd3 Nxf2+ 24. Kc2 Nxh1 25. Kxc3 Nf2 26. Bf4 Ne4+ 27. Bxe4 dxe4 28. Bd6+ Ke8 29. Bc5 Nf6 30. Nd6+ Kd8 31. Nxf7+ Kc8 32. Nd6+ Kd8 33. Nf7+ Kc8 1/2-1/2

[Event "Chinese League Division-A 2024"]
[Site "Fuling Chongqing"]
[Date "2024.06.29"]
[Round "4.20"]
[White "Zhou, Shumeng"]
[Black "Li, Xueyi"]
[Result "0-1"]
[ECO "B12"]
[WhiteElo "2173"]
[BlackElo "2209"]
[Annotator "RC"]
[PlyCount "84"]
[EventDate "2024.06.28"]
[EventType "team-tourn"]
[EventCountry "CHN"]
[SourceTitle "playchess.com"]
[Source "ChessBase"]
[SourceQuality "1"]
[TimeControl "40/5400+30:1800+30"]

1. e4 c6 2. d4 d5 3. e5 Bf5 4. h4 h5 5. Bd3 Bxd3 6. Qxd3 Qa5+ 7. c3 Qa6 8. Qf3 e6 9. b4 Ne7 10. Ne2 Nf5 11. g3 Nd7 12. O-O g6 13. Nf4 Bg7 14. a4 b6 15. Nd2 c5 16. b5 Qc8 17. Nb3 a6 18. Bb2 O-O 19. Rfc1 axb5 20. axb5 Rxa1 21. Bxa1 Qa8 22. Rb1 Bh6 23. dxc5 Nxe5 24. Qe2 Bxf4 25. gxf4 Nc4 26. cxb6 Qb8 27. Nc5 Qxf4 28. Nd3 Qb8 29. Bb2 Nxb2 30. Rxb2 Qxb6 31. Ne5 Ra8 32. Rb4 Ra1+ 33. Kg2 Qb7 34. Nc6 d4 35. cxd4 Nxh4+ 36. Kg3 Nf5+ 37. Kg2 Nh4+ 38. Kg3 g5 39. Kh2 Qc7+ 40. Ne5 Qc1 41. Qe4 Qg1+ 42. Kh3 Ra3+ 0-1

[Event "Chinese League Division-A 2024"]
[Site "Fuling Chongqing"]
[Date "2024.06.29"]
[Round "4.21"]
[White "Wan, Yunguo"]
[Black "Xu, Yinglun"]
[Result "1/2-1/2"]
[ECO "C11"]
[WhiteElo "2498"]
[BlackElo "2526"]
[Annotator "TA"]
[PlyCount "79"]
[EventDate "2024.06.28"]
[EventType "team-tourn"]
[EventCountry "CHN"]
[SourceTitle "playchess.com"]
[Source "ChessBase"]
[SourceQuality "1"]
[TimeControl "40/5400+30:1800+30"]

1. e4 e6 2. d4 d5 3. Nc3 Nf6 4. e5 Nfd7 5. f4 c5 6. Nf3 Nc6 7. Be3 cxd4 8. Nxd4 Qb6 9. Qd2 Qxb2 10. Rb1 Qa3 11. Bb5 Nxd4 12. Bxd4 a6 13. Bxd7+ Bxd7 14. Rb3 Qe7 ({Not} 14... Qa5 $2 15. Bb6 $18 (15. Rxb7 Bb4 $17) (15. Rxb7 Bb4 $17)) 15. Rxb7 Qd8 16. Bb6 Qc8 17. Rc7 Qd8 18. Qd4 {[%emt 0:11:20][%cal Of4f5] Wards off Bc5} Ba3 19. Ra7 Qc8 {[%emt 0:02:00] The position is equal.} 20. Rxa8 (20. Rc7 $5 Qd8 $8 21. f5 $11) 20... Qxa8 21. Bc5 Bxc5 22. Qxc5 Qc6 {[%emt 0:03:43] Black is weak on the dark squares} 23. Qxc6 Bxc6 $11 {[%emt 0:00:05][%mdl 4096] Endgame. KRB-KRN} 24. Kd2 Kd7 25. Rb1 f6 26. Rb6 fxe5 27. fxe5 {[%emt 0:00:05][%cal Oc3e2] Strongly threatening Ne2!} Rf8 28. Rxa6 Rf2+ 29. Ke3 Rxg2 30. Ra7+ Kc8 31. Ne2 Rxh2 32. Rxg7 Rh4 33. Nd4 Bd7 34. Kd3 Rh3+ 35. Kd2 Rh5 36. a4 Bxa4 37. Nxe6 {[%emt 0:00:10] [#] And now Rg8+ would win.} Rxe5 38. Rg8+ Be8 $1 39. Rxe8+ Kd7 40. Rh8 {[%emt 0:00:00] Weighted Error Value: White=0.02 (flawless) /Black=0.02 (flawless) .  Inaccurate:     	White=1     	---        OK:         	White=17    	Black=17     Best:        	White=2     	Black=1      Strong:       	---       	Black=1} 1/2-1/2